 Dungeon Crawl Stone Soup version 0.23.2-40-g277498a001 (webtiles) character file.

Game seed: 13693629088161684871

216 MalarOregon the Poker (level 5, -4/43 HPs)
             Began as a Merfolk Berserker on Aug 23, 2019.
             Was a Believer of Trog.
             Slain by an ogre
             ... wielding a +0 giant spiked club
              (18 damage)
             ... on level 4 of the Dungeon.
             The game lasted 00:03:50 (3490 turns).

MalarOregon the Poker (Merfolk Berserker)           Turns: 3490, Time: 00:03:50

Health: -4/43      AC: 10    Str: 18    XL:     5   Next: 93%
Magic:  5/5        EV:  7    Int:  6    God:    Trog [**....]
Gold:   131        SH:  0    Dex: 14    Spells: 4/4 levels left

rFire    . . .     SeeInvis .   a - +1 spear
rCold    . . .     Gourm    .   (no shield)
rNeg     . . .     Faith    .   m - +0 plate armour
rPois    .         Spirit   .   (no helmet)
rElec    .         Reflect  .   (no cloak)
rCorr    .         Harm     .   (no gloves)
MR       ++...                  (no boots)
Stlth    ..........             d - amulet of magic regeneration
HPRegen  1.14/turn              p - ring of attention (curse)
MPRegen  0.34/turn              (no ring)

@: lethally poisoned (-4 -> -4), regenerating
A: change form in water, swift swim, stealthy swim
a: Berserk, Trog's Hand, Renounce Religion


You were on level 4 of the Dungeon.
You worshipped Trog.
Trog was pleased with you.
You were hungry.

You visited 1 branch of the dungeon, and saw 4 of its levels.

You collected 131 gold pieces.

Inventory:

Hand Weapons
 a - a +1 spear (weapon)
Missiles
 i - 126 stones (quivered)
Armour
 m - a +0 plate armour (worn)
   (You found it on level 2 of the Dungeon)
Jewellery
 d - an amulet of magic regeneration (around neck)
   (You found it on level 1 of the Dungeon)
 p - a cursed ring of attention (left hand)
   (You found it on level 3 of the Dungeon)
Scrolls
 b - 2 scrolls of identify {@r1}
 g - a scroll of teleportation {@r4}
 h - 3 scrolls of enchant weapon
 o - a scroll of remove curse {@r2}
Potions
 c - 3 potions of curing {@q1}
 f - 2 potions of lignification {unknown}
 q - a potion of agility {unknown}
Comestibles
 e - 8 rations {!d}


   Skills:
 * Level 4.5 Fighting
 * Level 6.0 Polearms
 + Level 1.5 Throwing
 + Level 2.0 Armour
 * Level 4.6 Dodging


You had 4 spell levels left.
You didn't know any spells.
Your spell library was empty.

Dungeon Overview and Level Annotations

Branches:
Dungeon (4/15)
 Temple: D:4-7

Altars:
Okawaru


Message History

The poisoned tomahawk barely misses you.
Something hits you but does no damage.
Attack whom?
Aim: an ogre, wielding a +0 giant spiked club (heavily wounded)
You reach to attack!
You hit the ogre.
You feel sick.
Attack whom?
Aim: an ogre, wielding a +0 giant spiked club (heavily wounded)
Something you can't see is in the way.
You hit something.
You feel sick. Something hits you but does no damage.
Attack whom?
Aim: an ogre, wielding a +0 giant spiked club (heavily wounded)
You reach to attack!
You hit the ogre. Something hits you.
Attack whom?
Aim: an ogre, wielding a +0 giant spiked club (severely wounded)
Something you can't see is in the way.
Your plate armour prevents you from hitting something.
You feel sick. Something hits you but does no damage.
Attack whom?
Aim: an ogre, wielding a +0 giant spiked club (severely wounded)
You reach to attack!
You barely miss the ogre.
You hear some strange, mumbled words.
A puff of flame appears from out of thin air!
The puff of flame hits you.
* * * LOW HITPOINT WARNING * * *
The orc wizard casts a spell at you.
The magic dart hits something!
You hear some strange, mumbled words.
A puff of frost appears from out of thin air!
The puff of frost hits you!
* * * LOW HITPOINT WARNING * * *
Attack whom?
Aim: an ogre, wielding a +0 giant spiked club (severely wounded)
Something you can't see is in the way.
You hit something. Trog accepts your kill.
Trog appreciates your killing of a magic user.
Reactivating autopickup.
Your Polearms skill increases to level 6!
Your Armour skill increases to level 2!
You feel a bit more experienced.
You feel sick.
The orc wizard gestures wildly while chanting.
The orc wizard blinks!
Your skin crawls.
You feel resistant to hostile enchantments.
You are feeling hungry.
You feel the effects of Trog's Hand fading.
You feel sick.
The ogre hits you with a +0 giant spiked club!!
You die...

***** *** #.......#
**,** #.......#
**,*,**#..o....#
******,***,*#.......#
,,,,,,** **,#.......#
******,***,*#.......#
* **,*,**#...o§.(# *
**,** ####O#### * *,*
#@# * *,* #.# *
*,******#.# *
*,,,,,,>..# *
********### *


You could see an ogre, an orc wizard and an orc.

Vanquished Creatures
  An orc wizard (D:4)
  An iguana (D:4)
  10 adders
  An ooze (D:2)
  A worm (D:2)
  2 dart slugs
  4 leopard geckos
  7 orcs
  A ball python (D:1)
  3 bats
  5 giant cockroaches
  4 goblins
  6 hobgoblins
  2 jackals (D:2)
  A quokka (D:2)
  6 frilled lizards
  5 kobolds
  6 rats
66 creatures vanquished.

Notes
Turn   | Place    | Note
-------+----------+-------------------------------------------
     0 | D:1      | MalarOregon the Merfolk Berserker began the quest for the
                  | Orb.
     0 | D:1      | Reached XP level 1. HP: 18/18 MP: 1/1
   387 | D:1      | Reached XP level 2. HP: 24/24 MP: 2/2
   940 | D:2      | Reached XP level 3. HP: 20/29 MP: 3/3
  1188 | D:2      | Reached skill level 5 in Polearms
  1199 | D:2      | Reached skill level 1 in Throwing
  1467 | D:2      | Reached XP level 4. HP: 30/37 MP: 4/4
  2597 | D:3      | Found an iron altar of Okawaru.
  2604 | D:3      | Reached XP level 5. HP: 42/42 MP: 5/5
  2929 | D:3      | Reached ** piety under Trog
  3471 | D:4      | Noticed an ogre
  3489 | D:4      | Reached skill level 6 in Polearms
  3490 | D:4      | Slain by an ogre

Skill      XL: |  1  2  3  4  5 |
---------------+----------------+-----
Dodging        | 3 4 |  4.6
Polearms       | 5 6 |  6.0
Throwing       | 1 |  1.5
Fighting       | 4 |  4.5
Armour         | 2 |  2.0

Action                   |  1- 3 |  4- 6 || total
-------------------------+-------+-------++-------
Melee: Spear             |   112 |   263 ||   375
Invok: Berserk           |     1 |     1 ||     2
       Trog's Hand       |       |     1 ||     1
  Use: Scroll            |     1 |     6 ||     7
  Eat: Chunk             |     3 |     7 ||    10
Armor: Ring mail         |     8 |       ||     8
       Animal skin       |     1 |       ||     1
       Plate armour      |    28 |   128 ||   156
Dodge: Dodged            |    39 |    66 ||   105
